 Dungeon Crawl Stone Soup version 0.17-a0-737-gf0a300a (console) character file.

149 Monkaria the Skirmisher (level 5, -7/44 HPs)
             Began as a Demonspawn Chaos Knight on May 8, 2015.
             Mangled by Blork the orc
             ... wielding a +5 battleaxe of electrocution
              (19 damage)
             ... on level 4 of the Dungeon.
             The game lasted 00:03:48 (2489 turns).

Monkaria the Skirmisher (Demonspawn Chaos Knight)   Turns: 2489, Time: 00:03:50

Health: -7/44      AC:  7    Str: 13    XL:     5   Next: 9%
Magic:  5/5        EV: 11    Int: 16    God:    Xom [...*..]
Gold:   91         SH:  0    Dex: 13    Spells: 0 memorised, 4 levels left

rFire  . . .     SeeInvis .     a - +0 falchion (chaos)
rCold  . . .     Clarity  .     b - +2 leather armour
rNeg   . . .     SustAb   .     (no shield)
rPois  .         Gourm    .     (helmet restricted)
rElec  .         Spirit   .     (no cloak)
rCorr  .         Warding  .     (no gloves)
rMut   .         Stasis   .     (no boots)
MR     .....                    (no amulet)
Stlth  +.........               (no ring)
                                f - +3 ring of intelligence

@: not resistant to hostile enchantments, very unstealthy
A: antennae 2, thin metallic scales 1, spiny 1
a: Renounce Religion


You were on level 4 of the Dungeon.
You worshipped Xom.
You were a favourite toy of Xom.
You were not hungry.

You visited 1 branch of the dungeon, and saw 4 of its levels.

You collected 91 gold pieces.

Inventory:

Hand weapons
 a - a +0 falchion of chaos (weapon)
 p - a +0 blowgun
Missiles
 s - 10 poisoned needles
Armour
 b - a +2 leather armour (worn)
Jewellery
 f - a +3 ring of intelligence (left hand)
Scrolls
 d - a scroll of recharging {unknown}
Potions
 e - a potion of invisibility
 g - a potion of curing
 h - 2 potions of brilliance
 i - a potion of agility
 j - 2 potions of restore abilities
 l - a potion of might
 n - a potion of magic
 q - a potion of heal wounds
 t - 2 potions of ambrosia {unknown}
Comestibles
 c - a bread ration
 r - 2 meat rations
 u - 4 chunks of flesh


   Skills:
 - Level 5.0 Fighting
 + Level 3.7 Long Blades
 - Level 1.7 Armour
 - Level 0.8 Dodging


You had 4 spell levels left.
You didn't know any spells.

Dungeon Overview and Level Annotations

Branches:
Dungeon (4/15)
 Temple: D:4-7

Altars:
Gozag
Yredelemnul
Zin
The Shining One

Annotations:
D:4 Blork the orc, Robin


Innate Abilities, Weirdness & Mutations

You have a pair of antennae on your head.
You are partially covered in thin metallic scales (AC +2).
You are partially covered in sharp spines.


Message History

You see here a dagger.
You swap places.
You see here a club.
d - a scroll labeled WUWEOT GAOREIM You hear the slow rusting of a distant drain.
Found 22 stones.
You sense a monster nearby.
Blork the orc comes into view.
He is wielding a battleaxe of electrocution.
Blork the orc shouts!
Blork the orc looks angry.
Blork the orc hits you with a battleaxe of electrocution.
You hit Blork the orc.
Blork the orc is poisoned.
Blork the orc is lightly wounded.
You barely miss Blork the orc.
Blork the orc is lightly wounded.
Blork the orc hits you with a battleaxe of electrocution!
* * * LOW HITPOINT WARNING * * *
You are electrocuted!
You die...
Xom titters!

#.#.##.# #......#
######.# #.# # #.# ###.
#.# ###...#############
#.#
#.......(..........###.#
.##.##5@#######.#.....#
#.o# #...##### ....#
##### ###.## #. .. ##


You could see Blork the orc and a friendly white imp.

Vanquished Creatures
  4 adders
  An ooze (D:4)
  2 giant geckos
  5 giant cockroaches
  9 hobgoblins
  2 jackals (D:1)
  4 bats
  4 giant newts
  9 goblins
  11 kobolds
  7 rats
58 creatures vanquished.

Vanquished Creatures (collateral kills)
  An ogre (D:4)
  A hobgoblin (D:4)
2 creatures vanquished.

Vanquished Creatures (others)
  An ooze (D:2)
1 creature vanquished.

Grand Total: 61 creatures vanquished

Notes
Turn   | Place    | Note
--------------------------------------------------------------
     0 | D:1      | Monkaria, the Demonspawn Chaos Knight, began the quest for the Orb.
     0 | D:1      | Reached XP level 1. HP: 18/18 MP: 1/1
   142 | D:1      | Gained mutation: You have a pair of small antennae on your head. [demonic ancestry]
   142 | D:1      | Reached XP level 2. HP: 22/24 MP: 2/2
   474 | D:1      | XOM: scenery: 2 doors open, 1 doors close
   876 | D:2      | Gained mutation: You have a pair of antennae on your head. [demonic ancestry]
   876 | D:2      | Reached XP level 3. HP: 22/30 MP: 3/3
   900 | D:2      | Reached skill level 4 in Fighting
   918 | D:2      | XOM: harmless Pois miscast
  1202 | D:2      | XOM: harmless Chrm miscast
  1267 | D:2      | Found a glowing silver altar of Zin.
  1289 | D:2      | XOM: noise
  1322 | D:2      | XOM: butterfly on damage
  1574 | D:2      | XOM: mild Necr miscast
  1582 | D:2      | XOM: 3-stop teleportation journey
  1614 | D:2      | Gained mutation: You are partially covered in thin metallic scales (AC +2). [demonic ancestry]
  1614 | D:2      | Reached XP level 4. HP: 26/38 MP: 4/4
  1706 | D:2      | Found a glowing golden altar of the Shining One.
  1707 | D:2      | Noticed an angel
  1728 | D:2      | Found a basalt altar of Yredelemnul.
  1729 | D:2      | Noticed a profane servitor
  2187 | D:3      | XOM: vitrification
  2257 | D:3      | Reached skill level 5 in Fighting
  2311 | D:3      | XOM: mild Chrm miscast
  2327 | D:3      | Found an opulent altar of Gozag.
  2328 | D:3      | XOM: medium Summ miscast
  2329 | D:3      | Noticed a rust devil
  2377 | D:4      | Noticed Robin
  2418 | D:4      | Noticed an ogre
  2424 | D:4      | XOM: summons friendly white imp
  2430 | D:4      | Killed an ogre
  2430 | D:4      | Gained mutation: You are partially covered in sharp spines. [demonic ancestry]
  2430 | D:4      | Reached XP level 5. HP: 25/44 MP: 5/5
  2486 | D:4      | Noticed Blork the orc
  2489 | D:4      | Mangled by Blork the orc

Action                   |  1- 3 |  4- 6 || total
-------------------------+-------+-------++-------
Melee: Falchion          |   127 |    67 ||   194
  Use: Scroll            |       |    11 ||    11
 Stab: Paralysed         |     2 |       ||     2
  Eat: Chunk             |     2 |     3 ||     5
